 Dungeon Crawl Stone Soup version 0.17-a0-1617-gfba1302 (webtiles) character file.

537 wvc the Bolt Thrower (level 7, -2/50 HPs)
             Began as a Mummy Hunter on Aug 1, 2015.
             Was a Believer of Cheibriados.
             Slain by a scorpion (4 damage)
             ... on level 4 of the Dungeon.
             The game lasted 00:09:04 (3492 turns).

wvc the Bolt Thrower (Mummy Hunter)                 Turns: 3492, Time: 00:09:04

Health: -2/50      AC:  6    Str: 20    XL:     7   Next: 5%
Magic:  16/16      EV: 11    Int: 16    God:    Cheibriados [**....]
Gold:   172        SH:  4    Dex: 19    Spells: 0 memorised, 6 levels left

rFire  x . .     SeeInvis .     b - +0 morningstar
rCold  + . .     Clarity  .     d - +0 leather armour
rNeg   + + +     SustAt   .     n - +0 buckler
rPois  ∞         Gourm    .     e - +2 helmet
rElec  .         Spirit   .     (no cloak)
rCorr  .         Warding  .     (no gloves)
rMut   .         Stasis   .     (no boots)
MR     .....                    (no amulet)
Stlth  ++........               (no ring)
                                g - ring of magical power

@: very slow, not resistant to hostile enchantments, unstealthy
A: no food or potions, fire vulnerability, cold resistance 1, negative energy
resistance 3, torment resistance, unbreathing
a: Bend Time, Renounce Religion


You were on level 4 of the Dungeon.
You worshipped Cheibriados.
Cheibriados was pleased with you.
You were not hungry.

You visited 1 branch of the dungeon, and saw 4 of its levels.

You collected 172 gold pieces.

Inventory:

Hand weapons
 a - a +1 hand crossbow
 b - a +0 morningstar (weapon)
 c - a +0 short sword
Missiles
 m - 4 bolts
 p - 7 bolts of flame
Armour
 d - a +0 leather armour (worn)
 e - a +2 helmet (worn)
 n - a +0 buckler (worn)
Jewellery
 g - a ring of magical power (left hand)
Magical devices
 q - a wand of polymorph (13)
Scrolls
 h - a scroll of random uselessness
 i - a scroll of enchant weapon
 j - 2 scrolls of remove curse
 k - a scroll of teleportation
 l - 3 scrolls of magic mapping


   Skills:
 - Level 2.0 Fighting
 * Level 4.1 Maces & Flails
 - Level 5.1 Crossbows
 - Level 1.1 Armour
 - Level 1.5 Dodging
 - Level 0.7 Stealth
 + Level 1.0 Shields


You had 6 spell levels left.
You didn't know any spells.

Dungeon Overview and Level Annotations

Branches:
Dungeon (4/15)
 Temple: D:4-7

Altars:
Cheibriados
Nemelex Xobeh
Ru
The Shining One


Innate Abilities, Weirdness & Mutations

You do not eat or drink.
Your flesh is vulnerable to fire.
You are immune to poison.
Your flesh is cold resistant.
You are immune to negative energy.
You are immune to unholy pain and torment.
You can survive without breathing.


Message History

* * * LOW HITPOINT WARNING * * *
You hit the orc but do no damage.
The orc is moderately wounded.
The orc barely misses you.
The scorpion appears out of thin air!
A scorpion comes into view.
You puncture the orc!
You kill the orc!
Cheibriados appreciates the change of pace.
You barely miss the scorpion.
The scorpion stings you but does no damage.
You hit the scorpion but do no damage. The scorpion barely misses you.
The scorpion stings you.
* * * LOW HITPOINT WARNING * * *
You hit the scorpion.
The scorpion is lightly wounded.
You block the scorpion's attack.
You sock the scorpion!
The scorpion is severely wounded.
The scorpion stings you.
You die...

.....#*#..............#.#####
.....# #................#
.....#*#...............##
.....#*.............?..#
.....##..........).....#
.......................#
.......................#
#...##.##.......s.....##
..#.).<###.....)@....##
##......#####..#######
##..<...####.....#
..............##.#
##......##.#.###.# ******
*#......##,#.* #.# *,,,,*
##......##.#.**#)# *,,,,*
.............,,..#**,,,,*
..........##.*#.?.,,,,,,*


You could see a scorpion.

Vanquished Creatures
  3 ogres
  A scorpion (D:4)
  A hound (D:4)
  A worker ant (D:4)
  6 adders
  3 oozes
  2 worms (D:2)
  3 giant geckos
  17 orcs
  2 ball pythons
  12 bats
  A giant cockroach (D:3)
  9 goblins
  7 hobgoblins
  2 jackals (D:3)
  4 kobolds
  A ball python skeleton (D:4)
  4 giant newts
  A quokka skeleton (D:4)
  13 rats
93 creatures vanquished.

Notes
Turn   | Place    | Note
--------------------------------------------------------------
     0 | D:1      | wvc the Mummy Hunter began the quest for the Orb.
     0 | D:1      | Reached XP level 1. HP: 16/16 MP: 1/1
   119 | D:1      | Reached XP level 2. HP: 22/22 MP: 2/2
   273 | D:1      | Reached skill level 4 in Crossbows
   322 | D:1      | Reached XP level 3. HP: 27/27 MP: 3/3
   893 | D:2      | Reached XP level 4. HP: 29/33 MP: 4/4
  1680 | D:3      | Found a faded altar to an unknown god.
  1744 | D:2      | Reached skill level 5 in Crossbows
  2031 | D:3      | Became a worshipper of Cheibriados the Contemplative
  2031 | D:3      | Acquired Cheibriados's first power
  2219 | D:3      | Reached skill level 1 in Armour
  2255 | D:3      | Reached XP level 5. HP: 34/38 MP: 5/5
  2541 | D:3      | Found a sparkling altar of Nemelex Xobeh.
  2683 | D:3      | Found a sacrificial altar of Ru.
  2752 | D:3      | Found a glowing golden altar of the Shining One.
  2768 | D:4      | Noticed an ogre
  2778 | D:3      | Killed an ogre
  2778 | D:3      | Reached skill level 1 in Maces & Flails
  2905 | D:4      | Noticed an ogre
  2913 | D:4      | Killed an ogre
  2913 | D:4      | Reached XP level 6. HP: 16/44 MP: 6/6
  3356 | D:4      | Noticed an ogre
  3364 | D:4      | HP: 1/44 [ogre/giant spiked club (17)]
  3367 | D:4      | Killed an ogre
  3367 | D:4      | Reached skill level 1 in Shields
  3453 | D:4      | Reached XP level 7. HP: 9/50 MP: 7/7
  3490 | D:4      | HP: 2/50 [scorpion (6)]
  3492 | D:4      | Slain by a scorpion

Vault maps used:
D:1:      roderic_dead_forest
D:3:      nicolae_ru_path_of_blood, tso_oasis_becter, first_bread,
          ecumenical_altar_2, minivault_25, nemelex_diamond_rough_becter
D:4:      minmay_temple_entry_enclosed_plants

Action                   |  1- 3 |  4- 6 |  7- 9 || total
-------------------------+-------+-------+-------++-------
Melee: Morningstar       |       |   136 |     9 ||   145
       Falchion          |       |    39 |       ||    39
       Short sword       |       |    19 |       ||    19
 Fire: Hand crossbow     |    76 |    49 |       ||   125
Throw: Javelin           |       |     2 |       ||     2
  Use: Scroll            |       |     7 |       ||     7
